 Dungeon Crawl Stone Soup version 0.26-a0-771-g060e6a62af (webtiles) character file.

Game seed: 13790944616456943007

3417 mhtbhm the Cleaver (level 9, -5/117 (120) HPs)
             Began as a Minotaur Berserker on Nov 8, 2020.
             Was an Elder of Trog.
             Slain by Xurdan's ghost (8 damage)
             ... on level 7 of the Dungeon.
             The game lasted 00:08:13 (5539 turns).

mhtbhm the Cleaver (Minotaur Berserker)             Turns: 5539, Time: 00:08:14

HP:   -5/117 (120)  AC: 24    Str: 26    XL:     9   Next: 76%
MP:   8/8           EV:  2    Int:  4    God:    Trog [****..]
Gold: 386           SH:  0    Dex:  9    Spells: 8/8 levels left

rFire    . . .     SeeInvis +   a - +1 hand axe
rCold    . . .     Faith    .   (no shield)
rNeg     + + +     Spirit   .   (armour currently unavailable)
rPois    +         Reflect  .   (helmet currently unavailable)
rElec    .         Harm     .   (cloak currently unavailable)
rCorr    .         Rampage  .   (gloves currently unavailable)
MR       .....     NoTele   +   (boots currently unavailable)
Stlth    ++........             (no amulet)
HPRegen  0.29/turn              p - ring of see invisible
MPRegen  0.11/turn              (no ring)

@: mighty, tree-form, berserk cooldown, slowed, very slow
A: (retaliatory headbutt)
a: Berserk, Trog's Hand, Brothers in Arms, Renounce Religion


You were on level 7 of the Dungeon.
You worshipped Trog.
Trog was greatly pleased with you.
You were a tree.
You visited 1 branch of the dungeon, and saw 7 of its levels.

You collected 386 gold pieces.

Inventory:

Hand Weapons
 a - a +1 hand axe (weapon)
Missiles
 j - a throwing net (quivered)
Armour
 b - a +0 chain mail (melded)
 l - a +0 pair of gloves (melded)
 q - a +0 cloak (melded)
 r - a +0 pair of boots (melded)
Jewellery
 p - a ring of see invisible (left branch)
Wands
 h - a wand of digging (6)
 n - a wand of random effects (26)
 y - a wand of disintegration (16)
 B - a wand of acid (9)
Scrolls
 c - a scroll of blinking
 d - 3 scrolls of teleportation
 f - 4 scrolls of remove curse
 g - 5 scrolls of magic mapping
 i - 2 scrolls of enchant weapon
 m - a scroll of random uselessness {unknown}
 o - a scroll of immolation {unknown}
 v - a scroll of fear {unknown}
 x - a scroll of fog {unknown}
Potions
 e - 2 potions of flight
 s - 2 potions of attraction
 t - a potion of might
 u - 2 potions of brilliance {unknown}
 w - a potion of lignification
 z - a potion of heal wounds {unknown}
 A - 2 potions of curing {unknown}


   Skills:
 + Level 7.7 Fighting
 + Level 11.5 Axes
 + Level 9.0 Armour
 + Level 4.7 Dodging
 - Level 2.0 Stealth


You had 8 spell levels left.
You didn't know any spells.
Your spell library was empty.

Dungeon Overview and Level Annotations

Branches:
Dungeon (7/15)             Temple (0/1) D:5

Altars:
Ashenzari
Okawaru
Ru
Sif Muna
Trog
Wu Jian
Xom
Yredelemnul

Shops:
D:7 :

Annotations:
D:7 Xurdan's ghost, novice MiHu


Innate Abilities, Weirdness & Mutations

((You reflexively headbutt those who attack you in melee.))
((You have a pair of horns on your head.))


Message History

You feel very mighty all of a sudden. Xurdan's ghost hits you.
* * * LOW HITPOINT WARNING * * *
You hit Xurdan's ghost but do no damage.
Xurdan's ghost is severely damaged.
Xurdan's ghost closely misses you.
You hit Xurdan's ghost but do no damage.
Xurdan's ghost is severely damaged.
Xurdan's ghost hits you!
* * * LOW HITPOINT WARNING * * *
Unknown command.
It was a potion of lignification.
You turn into a tree.
Your +0 cloak melds into your body.
Your +0 pair of gloves melds into your body.
Your +0 pair of boots melds into your body.
Your +0 chain mail melds into your body.
Your roots penetrate the ground.
Xurdan's ghost hits you but does no damage.
Xurdan's ghost hits you!
You die...

###..##....#
##..#............
.##.####...#
#..###########... ....#
##### ###..# ##.... ...##
##...### #..... ..##
#......### ##.... ...#
##.......## ##... ...#
#........# ##.. ...#
########### ### ...###
##:♣♣♣/## # .....##
##8..W..8## ......####
#.........# (........#
#♣.......♣###
(..#...#.###⌠.......⌠#.#
..#...#....#♣.......♣#.#
)#...#.....####'''####.##
..#...#..###............#
...#...#.# #..##....†...#


You could see Xurdan's ghost.

Vanquished Creatures
  The ghost of marklar909 the Ruffian, a novice DrTm of Qazlal (D:7)
  Sigmund (D:2)
  3 sky beasts
  An ice beast (D:6)
  2 phantoms
  2 orc warriors
  3 centaurs (D:7)
  A necrophage (D:7)
  An ogre (D:4)
  6 bullfrogs
  A water moccasin zombie (D:6)
  2 scorpions
  2 howler monkeys
  A bullfrog zombie (D:7)
  4 hounds
  3 orc priests (D:5)
  A jelly (D:5)
  7 orc wizards
  Jessica (D:2)
  5 worker ants
  A worker ant zombie (D:7)
  8 adders
  5 gnolls
  9 river rats (D:5)
  2 white imps
  An ufetubus (D:5)
  2 oozes
  An adder zombie (D:7)
  2 adder skeletons
  2 worms
  3 dart slugs
  3 leopard geckos
  9 orcs
  5 ball pythons
  7 bats
  3 giant cockroaches
  8 goblins
  8 hobgoblins
  4 jackals
  6 kobolds
  6 quokkas
  3 frilled lizards
  A quokka zombie (D:2)
  21 rats
168 creatures vanquished.

Vanquished Creatures (others)
  A plant (D:2)
1 creature vanquished.

Grand Total: 169 creatures vanquished

Notes
Turn   | Place    | Note
-------+----------+-------------------------------------------
     0 | D:1      | mhtbhm the Minotaur Berserker began the quest for the Orb.
     0 | D:1      | Reached XP level 1. HP: 19/19 MP: 0/0
   249 | D:1      | Reached XP level 2. HP: 25/27 MP: 1/1
   274 | D:1      | Reached skill level 4 in Axes
   460 | D:1      | Reached XP level 3. HP: 34/34 MP: 2/2
   609 | D:2      | Reached ** piety under Trog
   617 | D:2      | Found a basalt altar of Yredelemnul.
   676 | D:2      | Found a bloodstained altar of Trog.
   676 | D:2      | Found an iron altar of Okawaru.
   676 | D:2      | Found a sacrificial altar of Ru.
   867 | D:2      | Noticed Sigmund
   875 | D:2      | Killed Sigmund
   875 | D:2      | Reached skill level 6 in Axes
   875 | D:2      | Reached skill level 1 in Stealth
   875 | D:2      | Reached XP level 4. HP: 41/41 MP: 3/3
   875 | D:2      | Reached XP level 5. HP: 47/47 MP: 4/4
  1171 | D:2      | Noticed Jessica
  1179 | D:2      | Killed Jessica
  1179 | D:2      | Reached skill level 5 in Fighting
  1179 | D:2      | Reached XP level 6. HP: 56/56 MP: 5/5
  1449 | D:3      | Found a shimmering blue altar of Sif Muna.
  1482 | D:3      | Found a broken altar of Ashenzari.
  1883 | D:4      | Reached *** piety under Trog
  2044 | D:4      | Reached skill level 7 in Axes
  2308 | D:4      | Reached XP level 7. HP: 50/61 MP: 6/6
  2925 | D:5      | Entered Level 5 of the Dungeon
  3091 | D:5      | Reached skill level 8 in Axes
  3217 | D:5      | Found a staircase to the Ecumenical Temple.
  3233 | D:5      | Reached skill level 5 in Armour
  3233 | D:5      | Reached XP level 8. HP: 44/70 MP: 7/7
  3389 | D:5      | Found an ornate altar of the Wu Jian Council.
  3715 | D:5      | Reached skill level 9 in Axes
  3718 | D:5      | Reached **** piety under Trog
  3919 | D:6      | Reached skill level 10 in Axes
  4535 | D:6      | Reached XP level 9. HP: 78/78 MP: 8/8
  4588 | D:6      | Found a shimmering altar of Xom.
  4589 | D:6      | Found a shimmering altar of Xom.
  4589 | D:6      | Found a shimmering altar of Xom.
  4942 | D:7      | Found Upet's Book Emporium.
  5097 | D:7      | Reached skill level 11 in Axes
  5467 | D:7      | Found a runed translucent gate.
  5467 | D:7      | Found a runed translucent gate.
  5471 | D:7      | Found a runed translucent gate.
  5471 | D:7      | Noticed Xurdan's ghost (novice MiHu)
  5471 | D:7      | Noticed marklar909's ghost (novice DrTm)
  5523 | D:7      | Killed marklar909's ghost
  5538 | D:7      | HP: 2/78 [Xurdan's ghost (9)]
  5539 | D:7      | Slain by Xurdan's ghost

Illustrated notes

Levels and vault maps discovered:
D:1:      evilmike_arrival_home_sweet_home, layout_loops_cross
D:2:      layout_rooms, yredelemnul_altar_generic,
          gammafunk_temple_overflow_forgotten, uniq_jessica, uniq_sigmund
D:3:      layout_basic, ashenzari_altar_1, overflow_temple_1_default,
          cheibrodos_gnoll_hut
D:4:      layout_loops_ring
D:5:      layout_rooms, nicolae_overflow_crystal_walls,
          minmay_temple_entry_drinking_statues, dk_rats_in_the_wall
D:6:      layout_loops_cross, xom_redecorated
D:7:      cheibrodos_fzero, layout_cave_pods, serial_shops,
          kennysheep_little_box, gammafunk_ghost_cemetery

Skill      XL: |  1  2  3  4  5  6  7  8  9 |
---------------+----------------------------+-----
Fighting       | 4 5 6 7 |  7.7
Axes           | 4 6 7 8 10 11 | 11.5
Dodging        | 3 4 |  4.7
Stealth        | 1 2 |  2.0
Armour         | 3 5 7 9 |  9.0

Action                   |  1- 3 |  4- 6 |  7- 9 || total
-------------------------+-------+-------+-------++-------
Melee: Hand axe          |    78 |   107 |   280 ||   465
       Headbutt          |    12 |    24 |    56 ||    92
Invok: Berserk           |     1 |       |     5 ||     6
  Use: Scroll            |       |     3 |     8 ||    11
       Potion            |       |       |     2 ||     2
 Stab: Sleeping          |     1 |       |       ||     1
Armor: Animal skin       |    16 |     5 |       ||    21
       Chain mail        |       |    70 |   141 ||   211
       Skin              |       |       |     1 ||     1
Dodge: Dodged            |    55 |    52 |   112 ||   219

Table legend: (Time is in decaauts)
 A = Elapsed time spent in this place.
 B = Non-inter-level travel time spent in this place.
 C = Inter-level travel time spent in this place.
 D = Time resting spent in this place.
 E = Time spent auto-exploring this place.
 F = Levels seen in this place.
 G = Mean time per level.
                   A        B        C        D        E       F      G
               +--------+--------+--------+--------+--------+-----+--------+
         Total |   5547 |   5511 |     36 |    668 |   3553 |   7 |  792.4 |
       Dungeon |   5547 |   5511 |     36 |    668 |   3553 |   7 |  792.4 |
               +--------+--------+--------+--------+--------+-----+--------+

Top non-repeatable levels by time:
     D:4: 1058 daAuts
     D:6: 946 daAuts
     D:5: 921 daAuts
     D:7: 742 daAuts
     D:2: 742 daAuts
     D:1: 601 daAuts
     D:3: 533 daAuts
